AoeStats
← Kanto

Arena

510386103Analyzed
4v4 RM · 22h ago on Sep 30, 2026· 75m 52s· 8 players
Game mode
Random Map
Map size
Large (8 player)
Population
200
Speed
Normal
Resources
Standard
Victory
Conquest
Starting age
Dark Age
Ending age
Imperial Age
RankedLock teamsTeams togetherTeam positionsShared explorationLock speedFull tech treeHidden civsTurbo modeCheats
Victory
Defeat
🇲🇽 Huns · Mexico
894
+16
🇦🇷 Poles · Argentina
881
+16
🇮🇳 Vietnamese · India
870
+46
🇧🇷 Persians · Brazil
814
+20
🇩🇪 Japanese · Germany
901
-18
🇹🇷 Turks · Türkiye
881
-17
🇹🇷 Hindustanis · Türkiye
877
-17
🇩🇪 Spanish · Germany
875
-17
Hank
12:10 Feudal Age
10:26 Loom
12:57 Double-Bit Axe
13:32 Horse Collar
16:51 Castle Age
18:04 Bow Saw
18:05 Husbandry
19:13 Bloodlines
20:01 Heavy Plow
22:22 Light Cavalry
27:02 Gold Mining
27:02 Stone Mining
30:13 Wheelbarrow
29:24 Town Watch
29:58 Scale Barding Armor
30:03 Forging
32:02 Gold Shaft Mining
31:45 Hand Cart
31:30 Town Patrol
31:21 Gambesons
31:36 Treadmill Crane
32:16 Ballistics
31:47 Guard Tower
33:20 Iron Casting
32:35 Man-at-Arms
33:15 Squires
33:01 Arson
32:36 Pikeman
34:15 Scale Mail Armor
34:41 Fletching
35:16 Chain Mail Armor
39:15 Imperial Age
36:47 Bodkin Arrow
40:22 Conscription
40:40 Plate Mail Armor
39:33 Halberdier
42:24 Blast Furnace
43:34 Two-Man Saw
43:50 Conscription
46:43 Kataparuto
48:15 Padded Archer Armor
48:15 Bracer
50:53 Chemistry
49:39 Arrowslits
50:29 Keep
49:50 Murder Holes
50:05 Masonry
50:01 Siege Engineers
52:45 Coinage
52:16 Caravan
52:30 Elite Skirmisher
53:16 Thumb Ring
53:49 Leather Archer Armor
57:39 Fortified Wall
58:49 Yasama
61:51 Ring Archer Armor
64:52 Long Swordsman
Fatih
12:11 Feudal Age
14:38 Wheelbarrow
14:06 Double-Bit Axe
14:12 Horse Collar
17:04 Castle Age
19:36 Forging
19:32 Heavy Plow
20:52 Bow Saw
21:47 Gold Mining
24:20 Gold Shaft Mining
25:07 Stone Mining
26:30 Stone Shaft Mining
30:11 Hand Cart
29:42 Loom
29:42 Town Watch
31:04 Scale Barding Armor
31:36 Iron Casting
32:29 Chain Barding Armor
32:11 Husbandry
32:22 Bloodlines
32:30 Devotion
37:07 Imperial Age
34:39 Town Patrol
35:17 Padded Archer Armor
35:41 Ballistics
35:32 Masonry
35:33 Fortified Wall
36:26 Fletching
36:52 Leather Archer Armor
38:11 Conscription
37:53 Grand Trunk Road
38:29 Hoardings
37:55 Shatagni
37:18 Heavy Camel Rider
39:29 Blast Furnace
39:05 Plate Barding Armor
38:28 Light Cavalry
40:15 Two-Man Saw
39:20 Imperial Camel Rider
39:21 Hussar
42:06 Chemistry
41:12 Siege Engineers
40:30 Elite Skirmisher
41:16 Thumb Ring
41:13 Bodkin Arrow
41:49 Ring Archer Armor
45:50 Bracer
69:13 Caravan
Neo
8:03 Loom
12:02 Feudal Age
12:40 Double-Bit Axe
12:38 Horse Collar
19:05 Castle Age
17:12 Arson
19:11 Bloodlines
19:16 Forging
19:11 Scale Barding Armor
19:23 Gold Mining
19:24 Stone Mining
20:20 Bow Saw
21:48 Pikeman
32:14 Imperial Age
32:05 Heavy Plow
33:55 Stone Shaft Mining
34:28 Conscription
33:46 Cavalier
34:26 Husbandry
36:41 Iron Casting
36:06 Scale Mail Armor
38:55 Blast Furnace
41:10 Wheelbarrow
41:31 Chain Mail Armor
43:56 Plate Mail Armor
43:56 Paladin
47:22 Chain Barding Armor
50:14 Plate Barding Armor
56:50 Light Cavalry
60:22 Chemistry
59:08 Arrowslits
60:40 Hussar
61:54 Hand Cart
63:12 Caravan
65:54 Two-Man Saw
68:30 Fletching
68:40 Padded Archer Armor
69:24 Thumb Ring
68:40 Elite Skirmisher
73:39 Bodkin Arrow
73:59 Leather Archer Armor
CANULAN
12:18 Feudal Age
17:43 Castle Age
16:50 Double-Bit Axe
16:58 Gold Mining
23:24 Imperial Age
34:02 Horse Collar
54:49 Heavy Plow
57:00 Padded Archer Armor
60:43 Man-at-Arms
61:24 Squires
62:00 Scale Mail Armor
62:11 Forging
62:43 Bow Saw
61:59 Long Swordsman
63:15 Caravan
62:53 Two-Handed Swordsman
Ch0ck
12:39 Feudal Age
14:36 Horse Collar
16:50 Loom
21:02 Castle Age
19:43 Gold Mining
19:44 Stone Mining
19:59 Double-Bit Axe
22:41 Bow Saw
23:45 Gold Shaft Mining
23:18 Heavy Plow
29:21 Wheelbarrow
37:03 Hand Cart
41:25 Pikeman
42:05 Squires
42:11 Scale Mail Armor
42:22 Forging
45:00 Iron Casting
44:41 Chain Mail Armor
48:06 Imperial Age
45:31 Fletching
45:41 Padded Archer Armor
48:17 Bodkin Arrow
48:38 Leather Archer Armor
49:05 Heavy Cavalry Archer
50:12 Parthian Tactics
50:04 Husbandry
50:35 Ballistics
52:24 Blast Furnace
51:25 Bracer
51:26 Halberdier
53:43 Chemistry
56:58 Masonry
57:59 Murder Holes
60:30 Conscription
62:02 Caravan
65:25 Marauders
66:09 Arson
69:26 Guilds
68:46 Elite Skirmisher
72:00 Scale Barding Armor
71:31 Imperial Skirmisher
75:36 Two-Man Saw
Bredark
10:50 Feudal Age
13:42 Loom
17:39 Castle Age
15:51 Horse Collar
16:28 Double-Bit Axe
18:13 Bloodlines
28:10 Forging
29:28 Scale Barding Armor
30:00 Iron Casting
33:49 Wheelbarrow
34:35 Squires
34:22 Gambesons
35:11 Husbandry
36:14 Scale Mail Armor
36:35 Chain Barding Armor
38:16 Pikeman
39:18 Chain Mail Armor
39:05 Murder Holes
39:31 Ballistics
40:46 Kamandaran
41:12 Fletching
45:24 Crossbowman
49:04 Padded Archer Armor
52:30 Imperial Age
54:34 Leather Archer Armor
55:20 Blast Furnace
54:57 Plate Barding Armor
55:34 Chemistry
55:00 Bodkin Arrow
58:08 Thumb Ring
58:06 Halberdier
59:30 Cavalier
61:06 Gold Mining
62:41 Bow Saw
66:53 Plate Mail Armor
67:19 Hand Cart
68:11 Two-Man Saw
67:59 Town Watch
67:43 Light Cavalry
70:56 Gold Shaft Mining
70:14 Stone Mining
70:51 Heavy Plow
70:51 Savar
72:44 Arson
74:37 Ring Archer Armor
75:46 Masonry
75:47 Hussar
mateakd2013
12:31 Feudal Age
17:24 Castle Age
19:09 Double-Bit Axe
19:06 Horse Collar
28:09 Heavy Plow
28:21 Bow Saw
32:07 Imperial Age
31:37 Husbandry
31:48 Bloodlines
31:00 Light Cavalry
31:51 Scale Barding Armor
31:57 Forging
32:42 Szlachta Privileges
33:03 Chain Barding Armor
32:11 Cavalier
39:30 Wheelbarrow
38:40 Loom
41:46 Iron Casting
40:36 Winged Hussar
47:50 Blast Furnace
48:47 Hand Cart
Kanto
11:15 Feudal Age
12:10 Loom
15:02 Castle Age
12:56 Double-Bit Axe
13:07 Horse Collar
16:02 Bow Saw
18:14 Gold Mining
21:49 Wheelbarrow
21:53 Scale Barding Armor
22:29 Bloodlines
22:40 Husbandry
23:58 Chain Barding Armor
23:51 Town Watch
24:39 Forging
25:55 Hand Cart
26:21 Iron Casting
31:21 Stone Mining
34:37 Imperial Age
32:34 Heavy Plow
32:31 Fletching
33:04 Ballistics
32:55 Fortified Wall
34:03 Masonry
34:44 Stone Shaft Mining
35:02 Thumb Ring
36:33 Chemistry
35:35 Bodkin Arrow
35:41 Padded Archer Armor
36:55 Two-Man Saw
36:12 Treadmill Crane
36:36 Bracer
37:28 Leather Archer Armor
37:21 Elite Rattan Archer
38:07 Murder Holes
39:01 Ring Archer Armor
39:43 Siege Engineers
43:47 Pikeman
44:32 Scale Mail Armor
44:41 Halberdier
45:10 Arson
45:26 Squires
45:44 Chain Mail Armor
47:28 Plate Mail Armor
48:55 Plate Barding Armor
47:42 Elite Battle Elephant
53:44 Hoardings
55:18 Light Cavalry
70:54 Capped Ram
Connection lost

Rejoining the realm…

Still unreachable

The connection could not be restored.

Session expired

The server has moved on; the page needs a fresh start.